 Dungeon Crawl Stone Soup version 0.26.0-10-g1f06aea511 (webtiles) character file.

Game seed: 14146832361058148888

420 Borgoz the Slasher (level 6, -8/51 HPs)
             Began as a Ghoul Gladiator on Jan 15, 2021.
             Killed by divine providence
             ... invoked by an orc priest
              (9 damage)
             ... on level 4 of the Dungeon.
             The game lasted 00:04:47 (3836 turns).

Borgoz the Slasher (Ghoul Gladiator)                Turns: 3836, Time: 00:04:48

Health: -8/51      AC:  6    Str: 18    XL:     6   Next: 94%
Magic:  5/5        EV: 13    Int:  3    God:
Gold:   170        SH:  5    Dex: 12    Spells: 5/5 levels left

rFire    . . .     SeeInvis .   a - +0 long sword
rCold    + . .     Faith    .   (no shield)
rNeg     + + +     Spirit   .   b - +0 leather armour
rPois    ∞         Reflect  +   c - +0 helmet
rElec    .         Harm     .   n - +0 cloak
rCorr    .         Rampage  .   (no gloves)
Will     .....                  k - +0 pair of boots
Stlth    +.........             l - amulet of reflection
HPRegen  0.00/turn              (no ring)
MPRegen  0.09/turn              (no ring)

@: no status effects
A: claws 1, cold resistance 1, negative energy resistance 3, inhibited
regeneration, torment resistance, unbreathing
a: no special abilities


You were on level 4 of the Dungeon.
You visited 1 branch of the dungeon, and saw 4 of its levels.

You collected 170 gold pieces.

Inventory:

Hand Weapons
 a - a +0 long sword (weapon)
 q - a +0 great sword
Missiles
 d - a throwing net (quivered)
Armour
 b - a +0 leather armour (worn)
 c - a +0 helmet (worn)
 k - a +0 pair of boots (worn)
 n - a +0 cloak (worn)
Jewellery
 l - an amulet of reflection (around neck)
Scrolls
 e - 2 scrolls of blinking
 f - 2 scrolls of remove curse
 g - 3 scrolls of identify
 i - a scroll of teleportation
Potions
 h - 3 potions of haste {unknown}
 j - 3 potions of degeneration
 m - 2 potions of lignification
 o - 4 potions of curing {unknown}


   Skills:
 + Level 3.6 Fighting
 * Level 4.5 Long Blades
 - Level 1.7 Throwing
 * Level 3.4 Armour
 + Level 3.7 Dodging


You had 5 spell levels left.
You didn't know any spells.
Your spell library was empty.

Dungeon Overview and Level Annotations

Branches:
Dungeon (4/15)
 Temple: D:4-7

Altars:
Sif Muna
Xom

Shops:
D:4 [


Innate Abilities, Weirdness & Mutations

You thrive by killing the living.
You are immune to poison.
You have sharp fingernails.
Your flesh is cold resistant. (rC+)
You are immune to negative energy. (rN+++)
You do not regenerate when monsters are visible.
You are immune to unholy pain and torment.
You can survive without breathing.


Message History

* * * LOW HITPOINT WARNING * * *
You hit the orc priest but do no damage.
The worker ant waves its antennae.
The worker ant barely misses you.
You riposte.
You hit the worker ant but do no damage.
The orc priest hits you.
* * * LOW HITPOINT WARNING * * *
You closely miss the orc priest. The worker ant completely misses you.
You riposte.
You barely miss the worker ant. You block the orc priest's attack.
You barely miss the orc priest. The worker ant barely misses you.
The orc priest hits you but does no damage.
The worker ant barely misses you.
You barely miss the orc priest. The orc priest misses you.
The worker ant misses you.
You slash the orc priest!
The orc priest is heavily wounded.
The worker ant barely misses you.
The orc priest calls down the wrath of Beogh upon you.
Beogh smites you!
You die...

# ##..#.##†##.## #..#
###.#...#...#..#
#######.####
...##..#######.#
#...........
##.##..#....(#.##
#.#####.####
##.##..'.....#..# #.#
#.# ......#########.#
#.# #.# ####..#
.....Z#.# #.# #.#
#..# .....goB######.#
#.# #..#
.....o#o@......# #.#
#..#########.########
#.####
#...'.....#..########
#.....
#...#....[#.........#
###
##..#######..######.#
#...#.).#...........
###.##)##...########
#..#'#..### ##.....##


You could see a worker ant, an orc priest, a gnoll, an orc and a jackal
skeleton.

Vanquished Creatures
  A bullfrog (D:2)
  A scorpion (D:4)
  A hound (D:4)
  2 orc wizards (D:4)
  2 worker ants (D:4)
  An iguana (D:4)
  4 adders
  2 oozes
  5 worms
  5 dart slugs
  A leopard gecko (D:1)
  8 orcs
  3 ball pythons
  6 giant cockroaches
  5 goblins
  7 hobgoblins
  9 jackals
  5 bats
  4 frilled lizards
  8 kobolds
  6 rats
86 creatures vanquished.

Vanquished Creatures (others)
  2 fungi (D:1)
2 creatures vanquished.

Grand Total: 88 creatures vanquished

Notes
Turn   | Place    | Note
-------+----------+-------------------------------------------
     0 | D:1      | Borgoz the Ghoul Gladiator began the quest for the Orb.
     0 | D:1      | Reached XP level 1. HP: 17/17 MP: 0/0
   105 | D:1      | Reached XP level 2. HP: 24/24 MP: 1/1
   209 | D:1      | Reached skill level 3 in Long Blades
   214 | D:1      | Reached skill level 1 in Armour
   440 | D:1      | Reached XP level 3. HP: 30/30 MP: 2/2
  1339 | D:2      | Reached XP level 4. HP: 37/37 MP: 3/3
  1376 | D:2      | Noticed a bullfrog
  1383 | D:2      | Killed a bullfrog
  1384 | D:2      | Reached XP level 5. HP: 37/44 MP: 4/4
  2341 | D:3      | Found a shimmering altar of Xom.
  2830 | D:4      | Reached skill level 4 in Long Blades
  2830 | D:4      | Reached XP level 6. HP: 12/51 MP: 5/5
  3432 | D:4      | Found Doykiow's Armour Emporium.
  3571 | D:4      | Found a shimmering blue altar of Sif Muna.
  3832 | D:4      | HP: 1/51 [orc priest (2)]
  3836 | D:4      | Killed from afar by an orc priest

Illustrated notes

Levels and vault maps discovered:
D:1:      tarquinn_simple_flora_water_f, layout_basic
D:2:      layout_loops_ring
D:3:      layout_loops_cross, nicolae_overflow_crystal_walls
D:4:      layout_loops_ring, general_overflow_altar, serial_shops,
          nicolae_shop_stone, chequers_ossuary_entry_cave,
          minmay_divided_ellipse

Skill      XL: |  1  2  3  4  5  6 |
---------------+-------------------+-----
Long Blades    | 3 4 |  4.5
Armour         | 1 2 3 |  3.4
Dodging        | 3 |  3.7
Fighting       | 3 |  3.6
Throwing       | |  1.7

Action                   |  1- 3 |  4- 6 || total
-------------------------+-------+-------++-------
Melee: Long sword        |    89 |   209 ||   298
Throw: Throwing net      |       |     3 ||     3
  Use: Scroll            |     2 |     6 ||     8
 Stab: Sleeping          |       |     1 ||     1
Armor: Leather armour    |    29 |    55 ||    84
Dodge: Dodged            |    67 |   149 ||   216
Block: Other             |       |     5 ||     5
       Rpst.: Long sword |    28 |    50 ||    78
